cohdb
Replays
Latest Replays
All Replays
Popular Replays
Top Player Replays
Match Explorer
How It Works
Community
CoH3 Stats
Reddit
Sign in to upload your games and track your stats! →
Sign in with Steam
Match 38466657
Unlisted
Match 38466657
Overview
Messages
Build Orders
End
Kradschützen Motorcycle Team
Panzergrenadier Squad
Panzergrenadier Squad
Panzergrenadier Squad
Construct Light Support Kompanie
MG34 Team
Fire Support Elements
Flakvierling Half-track
Selects Armored Support Battlegroup
Selects Superior Fire Drills
2.5-tonne Medical Truck
Selects Salvage Kits
Pak 38 Mechanized Group
Construct Panzerarmee Kommand
Walking Stuka Rocket Launcher
Gerotto55
H E L L
BigTiddyLebron
basetim
0
0
Comments
sign in to comment!
No comments posted yet!